 Dungeon Crawl Stone Soup version 0.28-a0-724-g66f9036 (webtiles) character file.

Game seed: 6857622814171654019

2986 NeededCrab the Nimble (level 9, -14/71 HPs)
             Began as a Gnoll Gladiator on Oct 25, 2021.
             Was a Priest of Okawaru.
             Demolished by a gargoyle (15 damage)
             ... on level 6 of the Dungeon on Oct 26, 2021.
             The game lasted 00:25:53 (10055 turns).

NeededCrab the Nimble (Gnoll Gladiator)            Turns: 10055, Time: 00:25:54

Health: -14/71     AC: 14    Str: 14    XL:     9   Next: 83%
Magic:  14/15      EV: 14    Int: 16    God:    Okawaru [***...]
Gold:   321        SH:  0    Dex: 14    Spells: 16/17 levels left

rFire   + . .      SeeInvis .   a - +1 quarterstaff
rCold   . . .      Faith    .   (shield currently unavailable)
rNeg    + . .      Spirit   .   m - +4 scale mail {rF+}
rPois   .          Reflect  .   c - +0 helmet
rElec   .          Harm     .   (no cloak)
rCorr   .          Rampage  .   (no gloves)
Will    .....                   (no boots)
Stlth   +++.......              (no amulet)
HPRegen 0.21/turn               j - ring of positive energy
MPRegen 0.14/turn               v - +6 ring of intelligence

@: heroic
A: fangs 1, strong nose, distributed training
a: Renounce Religion, Heroism


You were on level 6 of the Dungeon.
You worshipped Okawaru.
Okawaru was most pleased with you.
You visited 2 branches of the dungeon, and saw 9 of its levels.
You also visited: Sewer.

You collected 321 gold pieces.

Inventory:

Hand Weapons
 a - a +1 quarterstaff (weapon)
 b - a +0 shortbow
Missiles
 d - 5 throwing nets
 E - 61 arrows
 J - 2 atropa-tipped darts
Armour
 c - a +0 helmet (worn)
 h - a +0 plate armour
 m - a +4 scale mail of fire resistance (worn)
 n - a +0 buckler
 H - the +1 leather armour "Qaoggy" {+Inv rN+ rCorr Dex-3}
   (You found it on level 8 of the Dungeon)

   Dex:       It affects your dexterity (-3).
   rN:        It protects you from negative energy.
   +Inv:      It lets you turn invisible.
   rCorr:     It protects you from acid and corrosion.
Jewellery
 j - a ring of positive energy (left hand)
 v - a +6 ring of intelligence (right hand)
Wands
 x - a wand of digging (8)
 F - a wand of flame (16)
 I - a wand of paralysis (8)
Scrolls
 e - 2 scrolls of blinking {unknown}
 f - 4 scrolls of teleportation
 i - 2 scrolls of summoning
 k - a scroll of fear {unknown}
 o - 2 scrolls of enchant armour {unknown}
 p - 2 scrolls of fog
 r - a scroll of immolation {unknown}
 t - 2 scrolls of enchant weapon
 u - a scroll of amnesia {unknown}
 y - a scroll of vulnerability {unknown}
Potions
 g - 2 potions of might
 l - a potion of ambrosia {unknown}
 q - a potion of flight {unknown}
 s - a potion of cancellation {unknown}
 w - a potion of lignification {unknown}
 z - 2 potions of magic
 A - 3 potions of resistance
 B - 3 potions of haste
 C - a potion of berserk rage {unknown}


   Skills:
 + Level 6.6(11.6) Fighting
 + Level 4.6(9.6) Short Blades
 + Level 4.6(9.6) Long Blades
 + Level 4.6(9.6) Axes
 + Level 4.6(9.6) Maces & Flails
 + Level 4.6(9.6) Polearms
 + Level 8.1(13.1) Staves
 + Level 4.6(9.6) Slings
 + Level 4.6(9.6) Bows
 + Level 4.6(9.6) Crossbows
 + Level 6.6(11.6) Throwing
 + Level 4.6(9.6) Armour
 + Level 8.1(13.1) Dodging
 + Level 4.6(9.6) Stealth
 + Level 4.6(9.6) Shields
 + Level 4.6(9.6) Unarmed Combat
 + Level 4.6 Spellcasting
 + Level 3.8 Conjurations
 + Level 3.8 Hexes
 + Level 3.8 Summonings
 + Level 3.8 Necromancy
 + Level 3.8 Translocations
 + Level 3.8 Transmutations
 + Level 3.8 Fire Magic
 + Level 3.8 Ice Magic
 + Level 3.8 Air Magic
 + Level 3.8 Earth Magic
 + Level 3.8 Poison Magic
 + Level 5.1 Invocations
 + Level 4.6 Evocations


You had 16 spell levels left.
You knew the following spells:

 Your Spells              Type           Power      Damage    Failure   Level
a - Sting                 Tmut/Pois      64%        1d6       11%         1

Your spell library contained the following spells:

 Spells                   Type           Power      Damage    Failure   Level
 Poisonous Vapours        Pois/Air       32%        N/A       16%         2
 Olgreb's Toxic Radiance  Pois           16%        N/A       71%         4


Dungeon Overview and Level Annotations

Branches:
Dungeon (8/15)             Temple (1/1) D:6           Sewer (visited)
   Lair: D:8-11

Altars:
Ashenzari
Cheibriados
Dithmenos
Elyvilon
Fedhas
Gozag
Hepliaklqana
Kikubaaqudgha
Makhleb
Nemelex Xobeh
Okawaru
Qazlal
Ru
Sif Muna
Trog
Uskayaw
Vehumet
Wu Jian
Xom
Yredelemnul
Zin
The Shining One

Shops:
D:2 =   D:8 !


Innate Abilities, Weirdness & Mutations

You have very sharp teeth.
Your uncanny sense of smell can sniff out nearby items.
Your experience applies equally to all skills.


Message History

The gargoyle closely misses you.
You barely miss the gargoyle.
You bite the gargoyle, but do no damage.
The gargoyle is severely damaged.
The gargoyle hits you with a +0 flail!
You are too injured to fight recklessly!
You are too injured to fight recklessly!
You are too injured to fight recklessly!
You hit the gargoyle.
The gargoyle is severely damaged.
You hit the gargoyle.
The gargoyle is severely damaged.
The gargoyle hurls a stone arrow at you.
The stone arrow hits you!
* * * LOW HITPOINT WARNING * * *
You barely miss the gargoyle.
The gargoyle is severely damaged.
The gargoyle completely misses you.
You hit the gargoyle.
The gargoyle is severely damaged.
You hit the gargoyle but do no damage.
The gargoyle is severely damaged.
The gargoyle hits you with a +0 flail.
* * * LOW HITPOINT WARNING * * *
You barely miss the gargoyle. Your bite misses the gargoyle.
The gargoyle is severely damaged.
The gargoyle hits you but does no damage.
You hit the gargoyle.
The gargoyle is almost destroyed.
You hit the gargoyle but do no damage.
You bite the gargoyle, but do no damage.
The gargoyle is almost destroyed.
The gargoyle hits you with a +0 flail!!
* * * LOW HITPOINT WARNING * * *
You hit the gargoyle but do no damage.
The gargoyle is almost destroyed.
You hit the gargoyle but do no damage.
The gargoyle is almost destroyed.
The gargoyle hits you with a +0 flail!
You die...

######'#'##..####....
#.#.............
#.####..#....... #.#
#........## #.#
#.##.#..... ##.#
#.##.#.#.##
##..####..........
#.....##..#.###.##
#@>.#.##..#.# #... ######
#9..#.##..#.###...
≈≈≈≈≈.##.##......#.......
≈≈≈≈≈....((...##.##......
≈≈≈≈.≈≈..<....+..........
#≈≈≈≈≈≈...(...#..........
##≈≈≈≈....(...#####......
#.≈≈≈≈....((..+...+<.....
..≈≈≈≈........#..##......


You could see a gargoyle.

Vanquished Creatures
  A gargoyle (D:8)
  A steam dragon (D:8)
  Edmund (D:4)
  A water moccasin (D:8)
  2 sky beasts (D:8)
  Purgy (Sewer)
  A necrophage (D:5)
  3 ogres
  3 centaurs
  2 bullfrogs
  A wyvern zombie (D:8)
  A scorpion (D:4)
  A water moccasin skeleton (D:6)
  A wyvern skeleton (D:5)
  4 killer bees (D:7)
  A howler monkey (D:7)
  4 wights
  2 hounds (D:6)
  2 centaur zombies (D:6)
  2 orc priests (D:5)
  2 bullfrog skeletons (D:5)
  4 orc wizards
  Natasha (thrice) (D:2)
  Terence (D:2)
  A hound zombie (D:5)
  A hound skeleton (D:5)
  2 howler monkey zombies (D:8)
  7 gnolls
  8 adders
  A white imp (D:6)
  A worm (D:2)
  4 dart slugs
  21 orcs
  7 endoplasms
  10 giant cockroaches
  5 goblins
  5 hobgoblins
  4 jackals (D:2)
  7 kobolds
  5 quokkas
  10 ball pythons
  5 bats
  7 frilled lizards
  5 rats
  A butterfly (D:6)
162 creatures vanquished.

Vanquished Creatures (others)
  2 plants (D:1)
  2 withered plants (D:1)
4 creatures vanquished.

Grand Total: 166 creatures vanquished

Notes
Turn   | Place    | Note
-------+----------+-------------------------------------------
     0 | D:1      | NeededCrab the Gnoll Gladiator began the quest for the Orb.
     0 | D:1      | Reached XP level 1. HP: 20/20 MP: 1/1
   203 | D:1      | Reached XP level 2. HP: 13/26 MP: 2/2
   503 | D:1      | Found a faded altar of an unknown god.
   568 | D:1      | Prayed at the altar of an unknown god.
   568 | D:1      | Became a worshipper of Warmaster Okawaru
   568 | D:1      | Reached * piety under Okawaru
   944 | D:2      | Noticed Terence
  1478 | D:2      | Reached XP level 3. HP: 31/31 MP: 3/3
  1591 | D:2      | Reached skill level 1 in Invocations
  1662 | D:2      | Found Ommenipn's Jewellery Boutique.
  1746 | D:2      | Killed Terence
  1747 | D:2      | Reached skill level 1 in Short Blades
  1747 | D:2      | Reached skill level 1 in Long Blades
  1747 | D:2      | Reached skill level 1 in Axes
  1747 | D:2      | Reached skill level 1 in Maces & Flails
  1747 | D:2      | Reached skill level 1 in Polearms
  1747 | D:2      | Reached skill level 1 in Slings
  1747 | D:2      | Reached skill level 1 in Bows
  1747 | D:2      | Reached skill level 1 in Crossbows
  1747 | D:2      | Reached skill level 1 in Armour
  1747 | D:2      | Reached skill level 1 in Stealth
  1747 | D:2      | Reached skill level 1 in Shields
  1747 | D:2      | Reached skill level 1 in Unarmed Combat
  1747 | D:2      | Reached skill level 1 in Spellcasting
  1747 | D:2      | Reached skill level 1 in Evocations
  1747 | D:2      | Reached XP level 4. HP: 27/38 MP: 2/5
  1894 | D:2      | Found a basalt altar of Yredelemnul.
  2035 | D:2      | Noticed Natasha
  2046 | D:2      | Killed Natasha
  2047 | D:2      | Reached skill level 1 in Conjurations
  2047 | D:2      | Reached skill level 1 in Hexes
  2047 | D:2      | Reached skill level 1 in Summonings
  2047 | D:2      | Reached skill level 1 in Necromancy
  2047 | D:2      | Reached skill level 1 in Translocations
  2047 | D:2      | Reached skill level 1 in Transmutations
  2047 | D:2      | Reached skill level 1 in Fire Magic
  2047 | D:2      | Reached skill level 1 in Ice Magic
  2047 | D:2      | Reached skill level 1 in Air Magic
  2047 | D:2      | Reached skill level 1 in Earth Magic
  2047 | D:2      | Reached skill level 1 in Poison Magic
  2398 | D:2      | Noticed Natasha
  2415 | D:2      | Killed Natasha
  2416 | D:2      | Reached XP level 5. HP: 17/43 MP: 3/7
  2431 | D:2      | Noticed Natasha
  2622 | D:2      | Killed Natasha
  3429 | D:3      | Reached XP level 6. HP: 37/50 MP: 8/8
  3901 | D:4      | Learned a level 1 spell: Sting
  4120 | D:4      | Reached skill level 5 in Fighting
  4120 | D:4      | Reached skill level 5 in Throwing
  4268 | D:5      | Entered Level 5 of the Dungeon
  4476 | D:5      | Reached XP level 7. HP: 43/56 MP: 10/10
  4512 | D:5      | Found a glowing drain.
  4533 | Sewer    | Entered a sewer
  4584 | Sewer    | Noticed Purgy
  4593 | Sewer    | Killed Purgy
  5512 | D:5      | Reached ** piety under Okawaru
  5608 | D:5      | Reached XP level 8. HP: 63/63 MP: 12/12
  5644 | D:5      | Noticed Edmund
  5699 | D:4      | Killed Edmund
  6536 | D:6      | Found a staircase to the Ecumenical Temple.
  6545 | Temple   | Entered the Ecumenical Temple
  7237 | D:6      | Noticed a gargoyle
  7905 | D:6      | You fall into a shaft and drop 2 floors!
  7930 | D:7      | Noticed a hornet
  7942 | D:8      | Reached XP level 9. HP: 24/69 MP: 14/14
  8445 | D:8      | Identified the +1 leather armour "Qaoggy" {+Inv rN+ rCorr
                  | Dex-3}
  8488 | D:8      | Reached *** piety under Okawaru
  8544 | D:8      | Upgraded the game from 0.28-a0-723-g095bd1b to
                  | 0.28-a0-724-g66f9036
  8739 | D:8      | Found a snail-covered altar of Cheibriados.
  8798 | D:8      | Noticed a gargoyle
  8821 | D:8      | Killed a gargoyle
  9166 | D:8      | Found Ocuen's Distillery.
  9456 | D:7      | Reached skill level 5 in Invocations
 10053 | D:6      | HP: 1/71 [gargoyle (18)]
 10055 | D:6      | Demolished by a gargoyle

Illustrated notes

Levels and vault maps discovered:
D:1:      scummos_arrival_simple_fountains, layout_rooms,
          shapermc_ecumenical_altar_flowoftime
D:2:      layout_basic, serial_shops, nicolae_shop_crystal, basic_altar,
          minmay_misc_feat_ornament, uniq_natasha, uniq_terence
D:3:      layout_loops_cross, bh_walls_and_bars
D:4:      layout_rooms
D:5:      layout_layer_cave, gup_sewer_entry_pipe, grunt_ministairs_5,
          uniq_edmund
D:6:      minmay_chambers_of_fours, layout_basic,
          minmay_temple_entry_butterflies, chequers_serial_rivers_large_a
D:7:      layout_cave_pods, serial_shops, shop, kennysheep_decorative_pillar,
          uniq_duvessa
D:8:      layout_loops_ring, cheibriados_altar_1, serial_shops, shop
Temple:   regret_index_temple_sigil_plot

Skill      XL: |  1  2  3  4  5  6  7  8  9 |
---------------+----------------------------+-----
Invocations    | 1 2 3 4 5 |  5.1
Short Blades   | 1 2 3 4 |  4.6
Long Blades    | 1 2 3 4 |  4.6
Axes           | 1 2 3 4 |  4.6
Maces & Flails | 1 2 3 4 |  4.6
Polearms       | 1 2 3 4 |  4.6
Slings         | 1 2 3 4 |  4.6
Bows           | 1 2 3 4 |  4.6
Crossbows      | 1 2 3 4 |  4.6
Armour         | 1 2 3 4 |  4.6
Stealth        | 1 2 3 4 |  4.6
Shields        | 1 2 3 4 |  4.6
Unarmed Combat | 1 2 3 4 |  4.6
Spellcasting   | 1 2 3 4 |  4.6
Evocations     | 1 2 3 4 |  4.6
Conjurations   | 1 2 3 |  3.8
Hexes          | 1 2 3 |  3.8
Summonings     | 1 2 3 |  3.8
Necromancy     | 1 2 3 |  3.8
Translocations | 1 2 3 |  3.8
Transmutations | 1 2 3 |  3.8
Fire Magic     | 1 2 3 |  3.8
Ice Magic      | 1 2 3 |  3.8
Air Magic      | 1 2 3 |  3.8
Earth Magic    | 1 2 3 |  3.8
Poison Magic   | 1 2 3 |  3.8
Fighting       | 5 6 |  6.6
Throwing       | 5 6 |  6.6
Staves         | 7 8 |  8.1
Dodging        | 7 8 |  8.1

Action                   |  1- 3 |  4- 6 |  7- 9 || total
-------------------------+-------+-------+-------++-------
Melee: Quarterstaff      |   103 |   232 |   369 ||   704
       Bite              |     9 |    14 |    37 ||    60
 Fire: Shortbow          |       |       |    29 ||    29
 Cast: Sting             |       |     2 |     3 ||     5
Invok: Heroism           |     2 |     2 |     5 ||     9
  Use: Scroll            |       |     5 |     4 ||     9
       Potion            |       |       |     5 ||     5
 Stab: Sleeping          |     1 |       |       ||     1
Armor: Leather armour    |    21 |       |       ||    21
       Scale mail        |       |    92 |   175 ||   267
Dodge: Dodged            |    61 |   129 |   249 ||   439

Table legend: (Time is in decaauts)
 A = Elapsed time spent in this place.
 B = Non-inter-level travel time spent in this place.
 C = Inter-level travel time spent in this place.
 D = Time resting spent in this place.
 E = Time spent auto-exploring this place.
 F = Levels seen in this place.
 G = Mean time per level.
                   A        B        C        D        E       F      G
               +--------+--------+--------+--------+--------+-----+--------+
         Total |  10035 |   9828 |    207 |   1366 |   6304 |  10 | 1003.5 |
       Dungeon |   9516 |   9309 |    207 |   1366 |   6006 |   8 | 1189.5 |
        Temple |    326 |    326 |      0 |      0 |    271 |   1 |  326.0 |
         Sewer |    192 |    192 |      0 |      0 |     27 |   1 |  192.0 |
               +--------+--------+--------+--------+--------+-----+--------+

Top non-repeatable levels by time:
     D:5: 2174 daAuts
     D:2: 1800 daAuts
     D:8: 1431 daAuts
     D:1: 1038 daAuts
     D:3: 899 daAuts
     D:6: 825 daAuts
     D:4: 783 daAuts
     D:7: 563 daAuts
  Temple: 326 daAuts
   Sewer: 192 daAuts
